 Dungeon Crawl Stone Soup version 0.24.0-1-gfbc8707122 (webtiles) character file.

Game seed: 7414388652252028513, levelgen mode: deterministic

42 Curus the Twirler (level 3, -1/27 HPs)
             Began as a Demonspawn Gladiator on Oct 28, 2019.
             Slain by Sigmund
             ... wielding a +2 scythe of pain
              (6 damage)
             ... on level 2 of the Dungeon.
             The game lasted 00:02:55 (959 turns).

Curus the Twirler (Demonspawn Gladiator)             Turns: 959, Time: 00:02:55

Health: -1/27      AC:  9    Str: 12 (14) XL:     3   Next: 33%
Magic:  3/3        EV:  7    Int:  6 (9)  God:
Gold:   0          SH:  0    Dex: 13 (15) Spells: 2/2 levels left

rFire    . . .     SeeInvis .   a - +2 quarterstaff
rCold    . . .     Gourm    .   (shield currently unavailable)
rNeg     . . .     Faith    .   e - +0 chain mail (curse)
rPois    .         Spirit   .   c - +0 helmet
rElec    .         Reflect  .   (no cloak)
rCorr    .         Harm     .   (no gloves)
MR       .....                  (no boots)
Stlth    ..........             (no amulet)
HPRegen  0.09/turn              (no ring)
MPRegen  0.08/turn              (no ring)

@: lethally poisoned (-1 -> -2)
A: talons 1, sturdy frame 1
a: no special abilities


You were on level 2 of the Dungeon.
You were not hungry.

You visited 1 branch of the dungeon, and saw 2 of its levels.

Inventory:

Hand Weapons
 a - a +2 quarterstaff (weapon)
Missiles
 d - 3 throwing nets (quivered)
Armour
 b - a +0 leather armour
 c - a +0 helmet (worn)
 e - a cursed +0 chain mail (worn)
 g - a scarf of resistance
Comestibles
 f - 5 rations


   Skills:
 - Level 2.0 Fighting
 + Level 4.0 Staves
 - Level 1.7 Throwing
 - Level 2.6 Dodging


You had 2 spell levels left.
You didn't know any spells.
Your spell library was empty.

Dungeon Overview and Level Annotations

Branches:
Dungeon (2/15)

Altars:

Annotations:
D:2 Sigmund


Innate Abilities, Weirdness & Mutations

You have sharp toenails.
Your movements are slightly less encumbered by armour. (ER -2)


Message History

The adder is moderately wounded.
The adder bites you but does no damage.
You thump the adder!
You kill the adder!
Your Staves skill increases to level 4!
You feel sick. Something hits you!
You writhe in agony.
You hit something. Your kick misses something. You miss something.
Something hits you but does no damage.
You closely miss something. Your kick misses something.
You feel sick. Something hits you.
* * * LOW HITPOINT WARNING * * *
You writhe in agony.
* * * LOW HITPOINT WARNING * * *
Your chain mail prevents you from hitting something.
Your kick misses something. Something hits you but does no damage.
You barely miss something. You claw something.
You hit something but do no damage. You claw something.
You feel sick. Something hits you.
You die...

...#.###### #... ...##
........... .... ....
........... #.#. ....
.......###.# ### ##.#(##..#
##.........#.#.. ........#
.......##..#.#.# #.##....#
#......##..#.#.# #)##....#
.......##..#.#.####.†....$####
................@{.............
#.#.#####..#.#.##......#.......
..#........#.#.##.######.......
#########.#....##.# .......
...........####.# ...@...
#######.#.## ... ....... #.#.#
..# #...... #.#.# ...# #.#.#


There were no monsters in sight!

Vanquished Creatures
  An adder (D:2)
  A worm (D:2)
  A leopard gecko (D:1)
  4 bats
  A giant cockroach (D:1)
  4 goblins
  5 hobgoblins (D:1)
  4 kobolds
  A ball python (D:1)
  2 frilled lizards (D:1)
  6 rats (D:1)
30 creatures vanquished.

Notes
Turn   | Place    | Note
-------+----------+-------------------------------------------
     0 | D:1      | Curus the Demonspawn Gladiator began the quest for the Orb.
     0 | D:1      | Reached XP level 1. HP: 16/16 MP: 1/1
    93 | D:1      | Reached skill level 3 in Staves
   163 | D:1      | Gained mutation: Your movements are slightly less
                  | encumbered by armour. (ER -2) [demonic ancestry]
   163 | D:1      | Reached XP level 2. HP: 18/22 MP: 2/2
   928 | D:2      | Gained mutation: You have sharp toenails. [demonic
                  | ancestry]
   928 | D:2      | Reached XP level 3. HP: 24/27 MP: 3/3
   940 | D:2      | Noticed Sigmund
   952 | D:2      | Reached skill level 4 in Staves
   959 | D:2      | Slain by Sigmund

Levels and vault maps discovered:
D:1:      mainiacjoe_arrival_reflecting_pool, layout_loops_corners,
          grunt_decor_mini_mirrors
D:2:      layout_basic, first_ration, uniq_sigmund

Skill      XL: |  1  2  3 |
---------------+----------+-----
Staves         | 3 4 |  4.0
Fighting       | |  2.0
Throwing       | |  1.7
Dodging        | |  2.6

Action                   || total
-------------------------++-------
Melee: Quarterstaff      ||    79
       Kick              ||     4
  Use: Scroll            ||     4
       Potion            ||     2
Armor: Leather armour    ||     7
       Chain mail        ||    26
Dodge: Dodged            ||    39
